 Dungeon Crawl Stone Soup version 0.28-a0-46-g7b1be97da7 (webtiles) character file.

Game seed: 6694754929202582293

79 HAL9000 the Changer (level 4, 0/35 HPs)
             Began as a Draconian Transmuter on July 29, 2021.
             Slain by an ice beast (12 damage)
             ... on level 2 of the Dungeon.
             The game lasted 00:03:11 (2525 turns).

HAL9000 the Changer (Draconian Transmuter)          Turns: 2525, Time: 00:03:11

Health: 0/35       AC:  2    Str: 13    XL:     4   Next: 17%
Magic:  4/7        EV: 19    Int: 14    God:
Gold:   25         SH:  5    Dex: 16    Spells: 1/7 levels left

rFire   . . .      SeeInvis .     - Unarmed
rCold   . . .      Faith    .   (shield currently unavailable)
rNeg    . . .      Spirit   .   (armour unavailable)
rPois   x          Reflect  +   (helmet currently unavailable)
rElec   .          Harm     .   (cloak currently unavailable)
rCorr   .          Rampage  .   (gloves currently unavailable)
Will    .....                   (boots currently unavailable)
Stlth   +.........              h - amulet of reflection
HPRegen 0.11/turn               (no ring)
MPRegen 0.10/turn               (no ring)

@: spider-form (expiring)
A: venomous fangs, AC +5, tiny, unfitting armour, (cold-blooded)
a: End Transformation


You were on level 2 of the Dungeon.
You were a venomous arachnid creature.
You visited 1 branch of the dungeon, and saw 3 of its levels.

You collected 80 gold pieces.
You spent 55 gold pieces at shops.

Inventory:

Magical Staves
 c - a staff of earth
Jewellery
 h - an amulet of reflection (around neck)
Scrolls
 b - a scroll of amnesia {unknown}
 d - 2 scrolls of fog
 e - a scroll of magic mapping {unknown}
 g - a scroll of teleportation {unknown}
Potions
 a - a potion of resistance {unknown}
 f - a potion of curing {unknown}
 i - a potion of lignification {unknown}
 j - 3 potions of heal wounds
 k - a potion of degeneration {unknown}


   Skills:
 - Level 1.1 Fighting
 - Level 1.7 Dodging
 - Level 3.0 Unarmed Combat
 - Level 2.0 Spellcasting
 + Level 4.5 Transmutations


You had one spell level left.
You knew the following spells:

 Your Spells              Type           Power      Damage    Failure   Level
a - Beastly Appendage     Tmut           28%        N/A       12%         1
b - Wereblood             Tmut           14%        N/A       16%         2
c - Spider Form           Tmut/Pois      3%         N/A       50%         3

Your spell library contained the following spells:

 Spells                   Type           Power      Damage    Failure   Level
 Animate Skeleton         Necr           2%         N/A       45%         1
 Apportation              Tloc           2%         N/A       45%         1
 Corona                   Hex            1%         N/A       45%         1
 Summon Small Mammal      Summ           4%         N/A       45%         1
 Corpse Rot               Necr/Air       N/A        N/A       56%         2
 Slow                     Hex            1%         N/A       56%         2
 Static Discharge         Conj/Air       1%         N/A       56%         2
 Confusing Touch          Hex            1%         N/A       77%         3
 Ice Form                 Ice/Tmut       7%         N/A       85%         4
 Dispel Undead            Necr           1%         3d6       98%         4
 Yara's Violent Unravell  Hex/Tmut       3%         3d4       99%         5
 Lightning Bolt           Conj/Air       0%         1d11      100%        5
 Death Channel            Necr           0%         N/A       100%        6
 Maxwell's Capacitive Co  Air            0%         ∞         100%        8


Dungeon Overview and Level Annotations

Branches:
Dungeon (3/15)

Altars:

Shops:
D:2 !


Innate Abilities, Weirdness & Mutations

You are a venomous arachnid creature.
You have poisonous fangs.
You are tiny and dextrous.
Your spellcasting is less reliable in this form.
Your armour is entirely melded.
You are incapable of wielding weapons or throwing items.
((Your plain brown scales are hard. (AC +5)))
You cannot fit into any form of body armour.
((You are cold-blooded and may be slowed by cold attacks.))


Message History

The orc priest miscasts a cantrip.
The orc priest calls down the wrath of Beogh upon you.
You barely resist.
Casting: Beastly Appendage (safe; 3% risk of failure)
Confirm with . or Enter, or press ? or * to list all spells.
You grow a pair of large bovine horns.
Your feet morph into talons.
You hit the orc priest but do no damage.
Your kick misses the orc priest.
You headbutt the orc priest, but do no damage.
The orc priest barely misses you.
You closely miss the ice beast. Your headbutt misses the ice beast.
The ice beast closely misses you.
The orc priest invokes the aid of Beogh against you.
Beogh smites you!
The orc priest miscasts a cantrip.
There is an open door here.
Your transformation is almost over.
You hear the quick rusting of a drain very nearby.
There is a stone staircase leading up here.
The ice beast closely misses you.
You climb upwards.
There is a stone staircase leading down here.
Unknown command.
The ice beast hits you but does no damage.
Your horns disappear.
Your talons disappear.
Casting: Beastly Appendage (safe; 3% risk of failure)
Confirm with . or Enter, or press ? or * to list all spells.
The spell is quite dangerous to cast (28% risk of failure)!
Continue anyway?
Okay, then.
Casting: Spider Form (quite dangerous; 28% risk of failure)
Confirm with . or Enter, or press ? or * to list all spells.
The spell is quite dangerous to cast (28% risk of failure)!
Continue anyway?
You turn into a venomous arachnid creature.
Your transformation is almost over.
The ice beast hits you. The ice beast freezes you!
Unknown command.
You hit the ice beast.
The ice beast is poisoned.
The ice beast is lightly wounded.
The ice beast hits you. The ice beast freezes you!
You die...

##### #.........##....♣....#
....# #.........##.........#
....# ##.........##....♣....#
....######..........##.........#
....................##.........#
...............)....####..>#...#
..............###.#............#
..............###.#####..###...#
...............Ys..####.## #...#
..............###....##.# #...#
..............# #.##....# #####
..............# #.###...##
.....########## #.# #.#..#
.....# #.# #.##.# .....#
#.###.##.# .....# #.##..##.# ##
.....# ###..#.###.# ##.


You could see an ice beast (very poisoned).

Vanquished Creatures
  3 adders (D:2)
  2 dart slugs (D:1)
  2 bats
  5 endoplasms
  2 giant cockroaches (D:1)
  9 goblins
  2 hobgoblins (D:1)
  3 jackals (D:1)
  4 quokkas
  3 ball pythons
  A frilled lizard (D:2)
  A kobold (D:2)
  5 rats
42 creatures vanquished.

Vanquished Creatures (others)
  11 plants (D:3)
11 creatures vanquished.

Grand Total: 53 creatures vanquished

Notes
Turn   | Place    | Note
-------+----------+-------------------------------------------
     0 | D:1      | HAL9000 the Draconian Transmuter began the quest for the
                  | Orb.
     0 | D:1      | Reached XP level 1. HP: 16/16 MP: 3/3
   109 | D:1      | Reached XP level 2. HP: 19/23 MP: 1/5
   292 | D:1      | Reached skill level 3 in Transmutations
   904 | D:2      | Reached XP level 3. HP: 20/28 MP: 4/6
   932 | D:2      | Learned a level 2 spell: Wereblood
   936 | D:2      | Learned a level 3 spell: Spider Form
  1269 | D:2      | Reached skill level 4 in Transmutations
  1667 | D:2      | Found Teah's Distillery.
  1687 | D:2      | Bought a potion of heal wounds for 55 gold pieces
  1856 | D:2      | Found a faded altar of an unknown god.
  2079 | D:3      | Noticed an ice beast
  2104 | D:2      | Reached XP level 4. HP: 35/35 MP: 5/7
  2525 | D:2      | Slain by an ice beast

Illustrated notes

Levels and vault maps discovered:
D:1:      ncdulo_smallfort, layout_basic
D:2:      layout_rooms, serial_curves, eino_curves_01, eino_curves_02,
          serial_shops, nicolae_shop_temple_entry_statues_fountains,
          shapermc_ecumenical_altar_starsandcircs, chequers_garden
D:3:      minmay_evil_eye, layout_basic, gup_sewer_entry_spiral,
          lexackson_kobold_supper

Skill      XL: |  1  2  3 |
---------------+----------+-----
Transmutations | 3 4 |  4.5
Fighting       | |  1.1
Dodging        | |  1.7
Unarmed Combat | |  3.0
Spellcasting   | |  2.0

Action                   |  1- 3 |  4- 6 || total
-------------------------+-------+-------++-------
Melee: Unarmed           |    94 |    25 ||   119
       Headbutt          |    10 |     2 ||    12
       Kick              |    16 |     3 ||    19
       Tailslap          |     6 |       ||     6
       Punch             |     1 |       ||     1
 Cast: Beastly Appendage |    25 |     5 ||    30
       Spider Form       |       |     1 ||     1
  Use: Scroll            |       |     1 ||     1
Armor: Skin              |    24 |     4 ||    28
Dodge: Dodged            |    53 |    14 ||    67
Block: Other             |     4 |     4 ||     8

Table legend: (Time is in decaauts)
 A = Elapsed time spent in this place.
 B = Non-inter-level travel time spent in this place.
 C = Inter-level travel time spent in this place.
 D = Time resting spent in this place.
 E = Time spent auto-exploring this place.
 F = Levels seen in this place.
 G = Mean time per level.
                   A        B        C        D        E       F      G
               +--------+--------+--------+--------+--------+-----+--------+
         Total |   2524 |   2475 |     49 |    286 |   1794 |   3 |  841.3 |
       Dungeon |   2524 |   2475 |     49 |    286 |   1794 |   3 |  841.3 |
               +--------+--------+--------+--------+--------+-----+--------+

Top non-repeatable levels by time:
     D:2: 1233 daAuts
     D:1: 867 daAuts
     D:3: 423 daAuts
